Description

Spam out Adepts, while expanding.

Then drop adepts into their base until you get dts

Build Order

Get SALT Encoding   

  14  0:20  Pylon  With First probe. Pylon to make walloff
  16  0:40  Gateway  probe go scout
  17  0:48  Assimilator  
  20  1:26  Nexus  Stop probe production
  20  1:36  Cybernetics Core  Continue probes
  20  1:45  Assimilator  
  22  1:55  Pylon  on main near assimilator
  23  2:15  Adept  warp gate chrono boost
  27  2:30  Twilight Council  Stargate if against Z
  27  2:32  Robotics Facility  
  36  3:10  Gateway x3  
  40  3:50  Warp Prism  
  42  4:00  Nexus  Defend with adepts
  45  4:20  Resonating Glaives (Chrono Boost)  make constant adepts
  50  5:00  Assimilator  3rd gas
  55  6:00  Dark Shrine  
Spawning Tool Build Advisor. Get it on Overwolf

Analysis

Make expand then defense it

Go to:

Details

  • Created by: SenZer0
  • Published on: Apr 07, 2018
  • Modified on: Apr 07, 2018
  • Patch: 4.0.0
Show
View Real Time Build Order
Export as new Build Order

Comments (0)

There are no comments. Be the first!

Create an account to comment!